 Dungeon Crawl Stone Soup version 0.32-a0-918-g0f22ef8d61 (webtiles) character file.

Game seed: 5209078566099247720

942 smashvw the Changeling (level 8, -6/50 HPs)
             Began as an Octopode Shapeshifter on Apr 11, 2024.
             Mangled by a river rat (8 damage)
             ... summoned by Eustachio
             ... on level 5 of the Dungeon.
             The game lasted 00:08:50 (3482 turns).

smashvw the Changeling (Octopode Shapeshifter)      Turns: 3482, Time: 00:08:51

Health: -6/50      AC:  1    Str: 14    XL:     8   Next: 12%
Magic:  8/8        EV: 12    Int: 18    God:
Gold:   213        SH:  0    Dex: 13    Spells: 7/7 levels left

rFire   . .          .
                       - Unarmed
rCold   . . .        (no shield)
rNeg    + . .        (helmet currently unavailable)
rPois   .            (no amulet)
rElec   .            e - ring of positive energy
rCorr   .            o - +6 ring of intelligence
SInv    .            (no ring)
Will    .....        (no ring)
Stlth   +++          (no ring)
HPRegen 0.28/turn    (no ring)
MPRegen 0.11/turn    (no ring)
                     (no ring)

%: no passive effects
@: beast-form
A: beast (slay +4), almost no armour, amphibious, 8 rings, camouflage 1,
gelatinous body 1, (nimble swimmer 1), tentacles
a: Begin Untransformation


You were on level 5 of the Dungeon.
You were a hulking beast.
You visited 1 branch of the dungeon, and saw 5 of its levels.

You collected 213 gold pieces.

Inventory:

Missiles
 i - a throwing net (quivered)
Jewellery
 e - a ring of positive energy (left tentacle)
 o - a +6 ring of intelligence (right tentacle)
Talismans
 b - a beast talisman (active)
 c - a flux talisman
Wands
 m - a wand of roots (13)
Scrolls
 a - a scroll of blinking {unknown}
 f - a scroll of enchant armour {unknown}
 g - 4 scrolls of identify
 h - a scroll of teleportation {unknown}
 l - 3 scrolls of amnesia
 n - a scroll of noise {unknown}
 p - a scroll of revelation {unknown}
 s - a scroll of fear {unknown}
Potions
 d - a potion of haste {unknown}
 j - 2 potions of curing
 k - 2 potions of resistance {unknown}
 q - a potion of lignification
 r - a potion of might {unknown}
 t - a potion of enlightenment {unknown}


   Skills:
 - Level 2.0 Fighting
 - Level 2.0 Dodging
 - Level 2.0 Stealth
 - Level 5.0 Unarmed Combat
 + Level 7.7 Shapeshifting


You had 7 spell levels left.
You didn't know any spells.
Your spell library contained the following spells:

 Spells                   Type           Power      Damage    Failure   Level
 Scorch                   Fire           0%         2d5       32%         2
 Flame Wave               Conj/Fire      0%         2d4       91%         4
 Summon Cactus Giant      Summ           0%         N/A       100%        6


Dungeon Overview and Level Annotations

Branches:
Dungeon (5/15)
 Temple: D:4-7

Altars:
Vehumet

Shops:
D:4 *

Annotations:
D:2 1 runed translucent door, Crazy Yiuf
D:5 Eustachio


Innate Abilities, Weirdness & Mutations

You are a hulking beast.
Your limbs bulge with bestial killing power. (Slay +4)
You cannot wear most types of armour.
You are amphibious.
You can wear up to eight rings at the same time.
Your skin changes colour to match your surroundings (Stealth+).
Your rubbery body absorbs attacks. (AC +1, EV +1)
((You are camouflaged when in or above water. (Stealth+)))
You have tentacles for arms and can constrict up to eight enemies at once.


Message History

You constrict the crimson imp. The ufetubus hits you. x2
Eustachio casts a spell.
The crimson imp hits you. The ufetubus barely misses you.
The ufetubus hits you but does no damage.
You release your grip on the crimson imp.
The crimson imp hits you.
The crimson imp hits you but does no damage.
The ufetubus attacks as it pursues you! The ufetubus hits you. x2
The crimson imp hits you. The crimson imp closely misses you.
The ufetubus hits you. x2
Found a shiny iron ring.
The crimson imp hits you. The rat misses you.
You miss Eustachio. Your grab misses Eustachio. You squeeze Eustachio!
Eustachio is moderately wounded.
The crimson imp hits you. Eustachio closely misses you.
The crimson imp hits you but does no damage.
You tentacle-slap Eustachio but do no damage.
Your grab misses Eustachio.
Eustachio is moderately wounded.
The rat barely misses you.
The river rat bites you but does no damage.
Eustachio hits you with a +0 rapier.
* * * LOW HITPOINT WARNING * * *
The crimson imp hits you but does no damage.
The crimson imp hits you.
* * * LOW HITPOINT WARNING * * *
You bludgeon Eustachio! Your grab misses Eustachio. You squeeze Eustachio!
Eustachio is almost dead.
The rat bites you.
* * * LOW HITPOINT WARNING * * *
The river rat completely misses you. The crimson imp barely misses you.
Eustachio brags, "I can call spirits from the vasty deep."
Eustachio hits you with a +0 rapier.
* * * LOW HITPOINT WARNING * * *
The crimson imp blinks!
Okay, then.
As you read the scroll labelled JEDILI DAIDDUP, it crumbles to dust.
It is a scroll of identify.
l - 3 scrolls of amnesia The rat misses you.
The river rat bites you!
You die...

....#☼#☼##
..#.#○#$###. #..=
#.#.#○#$#... ....
#.###.#$#<# ...#
#.#.+.#$#.## ##..
....#.#$#... ...
#>#.############.##
#...#..........@r.#
..........# #hr#
..........# #55#
..........# #..#
..........# #5.#
#####.#.#.######..#
#.#...........#
#.###.#######......
#.###.###########.#
####.##.......#


You could see Eustachio, 2 crimson imps, a river rat (summoned), an ufetubus
(summoned) and a rat (summoned).

Vanquished Creatures
  Grinder (D:4)
  Sigmund (D:2)
  A black bear (D:4)
  2 phantoms (D:4)
  2 jellies
  An orc priest (D:4)
  An iguana (D:4)
  2 orc wizards
  Robin (D:2)
  3 gnolls (D:2)
  4 adders
  A white imp (D:5)
  4 dart slugs
  3 ribbon worms
  6 orcs
  7 endoplasms
  A giant cockroach (D:3)
  11 goblins
  9 hobgoblins
  8 jackals
  8 kobolds
  6 quokkas
  5 ball pythons
  6 bats
  8 rats
102 creatures vanquished.

Notes
Turn   | Place    | Note
-------+----------+-------------------------------------------
     0 | D:1      | smashvw the Octopode Shapeshifter began the quest for the
                  | Orb.
     0 | D:1      | Reached XP level 1. HP: 13/13 MP: 1/1
   168 | D:1      | Reached XP level 2. HP: 12/18 MP: 2/2
   841 | D:2      | Reached XP level 3. HP: 19/24 MP: 3/3
   882 | D:2      | Identified the -2 helmet "Zeon Bana" {rPois rC+}
   882 | D:2      | Noticed Robin
   892 | D:2      | Killed Robin
  1104 | D:2      | Found a runed translucent door.
  1105 | D:2      | Noticed Crazy Yiuf
  1154 | D:2      | Noticed Sigmund
  1287 | D:3      | Reached XP level 4. HP: 27/29 MP: 4/4
  1463 | D:3      | Found a radiant altar of Vehumet.
  1569 | D:3      | Found a faded altar of an unknown god.
  1797 | D:2      | Reached skill level 4 in Shapeshifting
  1797 | D:2      | Reached XP level 5. HP: 29/34 MP: 5/5
  1863 | D:2      | Killed Sigmund
  1864 | D:2      | Reached skill level 5 in Unarmed Combat
  1864 | D:2      | Reached XP level 6. HP: 39/39 MP: 6/6
  2136 | D:2      | Reached skill level 5 in Shapeshifting
  2457 | D:4      | Found Hearphiwn's Assorted Antiques.
  2462 | D:4      | Reached skill level 1 in Stealth
  2517 | D:4      | Noticed Grinder
  2630 | D:4      | Noticed a black bear
  2635 | D:4      | Killed a black bear
  2636 | D:4      | Reached XP level 7. HP: 41/45 MP: 7/7
  2715 | D:4      | Reached skill level 6 in Shapeshifting
  2725 | D:4      | Killed Grinder
  2762 | D:4      | Reached skill level 7 in Shapeshifting
  3031 | D:4      | Reached XP level 8. HP: 33/50 MP: 8/8
  3039 | D:4      | HP: 2/50 [something (3)]
  3235 | D:5      | Entered Level 5 of the Dungeon
  3470 | D:5      | Noticed Eustachio
  3481 | D:5      | HP: 2/50 [Eustachio/+0 rapier (5)]
  3482 | D:5      | Mangled by a river rat

Illustrated notes

Levels and vault maps discovered:
D:1:      zelgadis_glass_arrival_small, layout_basic
D:2:      layout_loops_cross, uniq_crazy_yiuf_cottage, uniq_robin, uniq_sigmund
D:3:      layout_rooms, nicolae_vehumet_radiance,
          chequers_ecumenical_altar_simple_redux
D:4:      layout_rooms, serial_shops, shop, uniq_grinder
D:5:      lemuel_ice_spiral_2, layout_basic, minmay_temple_entry_glass,
          uniq_pikel, uniq_eustachio

Skill      XL: |  1  2  3  4  5  6  7 |
---------------+----------------------+-----
Fighting       | 2 |  2.0
Unarmed Combat | 4 5 |  5.0
Shapeshifting  | 4 5 7 |  7.7
Stealth        | 2 |  2.0
Dodging        | |  2.0

Action                     |  1- 3 |  4- 6 |  7- 9 || total
---------------------------+-------+-------+-------++-------
  Melee: Unarmed           |    59 |    69 |    51 ||   179
         Constrict         |    17 |    24 |    11 ||    52
         Tentacles         |    12 |    15 |    18 ||    45
         Punch             |     3 |     1 |     1 ||     5
    Use: Potion            |       |     1 |     1 ||     2
         Scroll            |       |       |     1 ||     1
   Stab: Sleeping          |     4 |     7 |     1 ||    12
 Armour: Skin              |    25 |    35 |    45 ||   105
  Dodge: Dodged            |    35 |    32 |    30 ||    97

Table legend: (Time is in decaauts)
 A = Elapsed time spent in this place.
 B = Non-inter-level travel time spent in this place.
 C = Inter-level travel time spent in this place.
 D = Time resting spent in this place.
 E = Time spent auto-exploring this place.
 F = Levels seen in this place.
 G = Mean time per level.
                   A        B        C        D        E       F      G
               +--------+--------+--------+--------+--------+-----+--------+
         Total |   3468 |   3334 |    134 |    269 |   2418 |   5 |  693.6 |
       Dungeon |   3468 |   3334 |    134 |    269 |   2418 |   5 |  693.6 |
               +--------+--------+--------+--------+--------+-----+--------+

Top non-repeatable levels by time:
     D:2: 1259 daAuts
     D:4: 772 daAuts
     D:1: 686 daAuts
     D:3: 504 daAuts
     D:5: 245 daAuts
